[Event "ICC tourney 2189 (3 2)"]
[Site "Internet Chess Club"]
[Date "2020.12.09"]
[Round "1"]
[White "Alec-hine"]
[Black "chessfidebullet"]
[Result "1-0"]
[ICCResult "Black checkmated"]
[WhiteElo "1600"]
[BlackElo "1289"]
[Opening "QGD Slav defense: exchange variation"]
[ECO "D10"]
[NIC "SL.01"]
[Time "20:01:29"]
[PlyCount "31"]
[TimeControl "180+2"]


1. d4 d5 2. c4 c6 3. cxd5 Bg4 4. h3 Bh5 5. Nc3 cxd5 6. Qb3 Qd7 7. Qxd5 Nf6
8. Qxd7+ Nbxd7 9. Bf4 O-O-O 10. e3 h6 11. Nf3 g5 12. Bg3 Bg7 13. Rc1 Rde8
14. Nb5+ Kd8 15. Bc7+ Kc8 16. Nxa7# { Black checkmated } 1-0

[Event "ICC tourney 2189 (3 2)"]
[Site "Internet Chess Club"]
[Date "2020.12.09"]
[Round "1"]
[White "andrewj508"]
[Black "sapolion"]
[Result "1-0"]
[ICCResult "Black resigns"]
[WhiteElo "1270"]
[BlackElo "1594"]
[Opening "Queen's pawn: London system"]
[ECO "A45"]
[NIC "QP.07"]
[Time "20:01:25"]
[PlyCount "53"]
[TimeControl "180+2"]


1. d4 Nf6 2. Bf4 c5 3. e3 cxd4 4. exd4 Nc6 5. Nf3 d5 6. c3 g6 7. Nbd2 Bg7
8. h3 O-O 9. Bd3 Nh5 10. Bh2 e6 11. O-O Bh6 12. g4 Nf6 13. g5 e5 14. dxe5
Nh5 15. gxh6 Bxh3 16. Re1 d4 17. Bf1 Bg4 18. Bg2 dxc3 19. bxc3 Re8 20. Nc4
Bxf3 21. Bxf3 Qg5+ 22. Bg2 Rad8 23. Nd6 Rxe5 24. Bxe5 Nxe5 25. Qd5 Nf4 26.
Rxe5 Ne2+ 27. Kf1 { Black resigns } 1-0

[Event "ICC tourney 2189 (3 2)"]
[Site "Internet Chess Club"]
[Date "2020.12.09"]
[Round "1"]
[White "ChalsparoV"]
[Black "EntropyDarkEn"]
[Result "1-0"]
[ICCResult "Black resigns"]
[WhiteElo "1569"]
[BlackElo "1264"]
[Opening "Old Benoni defense"]
[ECO "A43"]
[NIC "OI.09"]
[Time "20:01:24"]
[PlyCount "33"]
[TimeControl "180+2"]


1. d4 c5 2. dxc5 Qa5+ 3. c3 Qxc5 4. Nf3 d5 5. Bf4 Nf6 6. Nbd2 Nc6 7. e3 Bg4
8. Be2 Nh5 9. Bg3 Nxg3 10. hxg3 e5 11. O-O Qd6 12. Qa4 Be7 13. Qxg4 O-O 14.
Rad1 Qh6 15. Qd7 e4 16. Nd4 Ne5 17. Qxe7 { Black resigns } 1-0

[Event "ICC tourney 2189 (3 2)"]
[Site "Internet Chess Club"]
[Date "2020.12.09"]
[Round "1"]
[White "venkataralla"]
[Black "DrKnight01"]
[Result "0-1"]
[ICCResult "White forfeits on time"]
[WhiteElo "1460"]
[BlackElo "1216"]
[Opening "Queen's gambit accepted"]
[ECO "D20"]
[NIC "QG.03"]
[Time "20:01:25"]
[PlyCount "40"]
[TimeControl "180+2"]


1. d4 d5 2. c4 dxc4 3. e3 Nf6 4. Bxc4 Nc6 5. Nc3 Bf5 6. Qb3 Be6 7. Qxb7 Bd7
8. d5 Na5 9. Qa6 Nxc4 10. Qxc4 e5 11. Nf3 Bd6 12. O-O O-O 13. Qh4 Bg4 14.
h3 Bxf3 15. gxf3 Be7 16. Qg3 Nh5 17. Qxe5 Nf6 18. Kh2 Bd6 19. f4 Bxe5 20.
fxe5 Nxd5 { White forfeits on time } 0-1

[Event "ICC tourney 2189 (3 2)"]
[Site "Internet Chess Club"]
[Date "2020.12.09"]
[Round "1"]
[White "oksana213"]
[Black "AdityaBang"]
[Result "0-1"]
[ICCResult "White forfeits on time"]
[WhiteElo "949"]
[BlackElo "1408"]
[Opening "Pirc defense"]
[ECO "B07"]
[NIC "PU.07"]
[Time "20:01:49"]
[PlyCount "38"]
[TimeControl "180+2"]


1. e4 d6 2. d4 Nf6 3. Nc3 g6 4. Bf4 Bg7 5. e5 Nfd7 6. Bc4 Nb6 7. Bxf7+ Kxf7
8. Qf3 Rf8 9. Nh3 Kg8 10. Ng5 dxe5 11. dxe5 Bxe5 12. Ne2 h6 13. Qb3+ Kg7
14. Ne4 Bxf4 15. Nxf4 Rxf4 16. f3 Bf5 17. Qc3+ Kh7 18. O-O Nd5 19. Qe5 Nc6
{ White forfeits on time } 0-1

[Event "ICC tourney 2189 (3 2)"]
[Site "Internet Chess Club"]
[Date "2020.12.09"]
[Round "1"]
[White "etxchess"]
[Black "chesswarriors12"]
[Result "0-1"]
[ICCResult "White forfeits on time"]
[WhiteElo "1143"]
[BlackElo "1431"]
[Opening "Torre attack (Tartakower variation)"]
[ECO "D03"]
[NIC "QP.08"]
[Time "20:02:17"]
[PlyCount "58"]
[TimeControl "180+2"]


1. d4 d5 2. Nf3 Nf6 3. Bg5 Bf5 4. e3 e6 5. Nbd2 c5 6. Ne5 h6 7. Bxf6 gxf6
8. Nef3 Nc6 9. c3 e5 10. Qa4 exd4 11. Bb5 dxe3 12. Bxc6+ bxc6 13. Qxc6+ Bd7
14. Qxd5 exd2+ 15. Nxd2 Be6 16. Qc6+ Bd7 17. Qe4+ Qe7 18. Qxe7+ Bxe7 19.
O-O O-O-O 20. Rfe1 Bd6 21. Nc4 Bc7 22. Rad1 Be6 23. Rxd8+ Rxd8 24. Ne3 Rd2
25. h3 Rxb2 26. Rd1 Rxa2 27. Ng4 Bxg4 28. hxg4 a5 29. Rd5 Ra1+ { White
forfeits on time } 0-1

[Event "ICC tourney 2189 (3 2)"]
[Site "Internet Chess Club"]
[Date "2020.12.09"]
[Round "1"]
[White "BotanicalKnight"]
[Black "hggonzalezzss"]
[Result "0-1"]
[ICCResult "White forfeits on time"]
[WhiteElo "1386"]
[BlackElo "1767"]
[Opening "Sicilian: closed"]
[ECO "B23"]
[NIC "SI.44"]
[Time "20:01:56"]
[PlyCount "108"]
[TimeControl "180+2"]


1. e4 c5 2. Nc3 d6 3. f4 g6 4. Nf3 Bg7 5. d3 Nc6 6. g3 Bg4 7. h3 Bxf3 8.
Qxf3 e6 9. Bg2 Nge7 10. g4 Qb6 11. O-O Nd4 12. Qd1 O-O 13. Kh1 a6 14. Ne2
Nec6 15. c3 Nxe2 16. Qxe2 Qc7 17. Bd2 Ne7 18. h4 Rab8 19. h5 f5 20. hxg6
hxg6 21. Rae1 Qd7 22. exf5 gxf5 23. Qxe6+ Qxe6 24. Rxe6 Kf7 25. Rfe1 Rh8+
26. Kg1 Rbe8 27. g5 b5 28. a3 a5 29. Rxd6 b4 30. axb4 axb4 31. Rde6 Ng6 32.
Rxe8 Rxe8 33. Rxe8 Kxe8 34. Bh3 Nh4 35. Kf2 Kf7 36. Kg3 Ng6 37. Bxf5 Ne7
38. Bd7 Nd5 39. c4 Nb6 40. b3 Nxd7 41. Kg4 Bc3 42. Be3 Nf8 43. Kf5 Ne6 44.
Ke4 Be1 45. Kd5 Bg3 46. Bxc5 Nxf4+ 47. Kc6 Nxd3 48. Kb5 Be1 49. g6+ Kxg6
50. Bd4 Nc1 51. c5 Nxb3 52. c6 Nxd4+ 53. Kb6 Nxc6 54. Kxc6 b3 { White
forfeits on time } 0-1

[Event "ICC tourney 2189 (3 2)"]
[Site "Internet Chess Club"]
[Date "2020.12.09"]
[Round "2"]
[White "DrKnight01"]
[Black "ChalsparoV"]
[Result "0-1"]
[ICCResult "White resigns"]
[WhiteElo "1216"]
[BlackElo "1569"]
[Opening "Caro-Kann defense"]
[ECO "B10"]
[NIC "CK.01"]
[Time "20:39:41"]
[PlyCount "38"]
[TimeControl "180+2"]


1. e4 c6 2. Nf3 d5 3. exd5 cxd5 4. d4 Nc6 5. Nc3 Bg4 6. Bb5 e6 7. h3 Bxf3
8. Qxf3 Bd6 9. Be3 Nf6 10. Bg5 Be7 11. O-O-O Qb6 12. Bd3 Nxd4 13. Qf4 Nc6
14. Bxf6 Bxf6 15. g4 h6 16. h4 Qb4 17. Qc7 Qe7 18. Qf4 Bxh4 19. g5 Bxg5 {
White resigns } 0-1

[Event "ICC tourney 2189 (3 2)"]
[Site "Internet Chess Club"]
[Date "2020.12.09"]
[Round "2"]
[White "chessfidebullet"]
[Black "oksana213"]
[Result "1-0"]
[ICCResult "Black checkmated"]
[WhiteElo "1289"]
[BlackElo "949"]
[Opening "Two knights defense"]
[ECO "C55"]
[NIC "IG.01"]
[Time "20:39:41"]
[PlyCount "115"]
[TimeControl "180+2"]


1. e4 e5 2. Nf3 Nc6 3. Bc4 Nf6 4. O-O Bc5 5. c3 O-O 6. Qc2 d6 7. Ng5 d5 8.
exd5 Na5 9. Bb3 Nxb3 10. axb3 Qxd5 11. c4 Qc6 12. Kh1 Bg4 13. f4 exf4 14.
Rxf4 Bh5 15. Rxf6 Bg6 16. Rxc6 Bxc2 17. Rxc5 Rae8 18. Nf3 b6 19. Rxc7 Bd1
20. Kg1 Bxf3 21. gxf3 Re1+ 22. Kf2 Rfe8 23. Nc3 h6 24. Rcxa7 h5 25. Ne4 f5
26. Kxe1 fxe4 27. Kf2 Rf8 28. Ke3 exf3 29. Ra8 f2 30. Rxf8+ Kxf8 31. Kxf2
Kf7 32. d4 Kf6 33. Be3 Kf5 34. d5 Ke5 35. Bxb6 Kd6 36. c5+ Kxd5 37. Ra8 Kc6
38. Ba7 Kb7 39. c6+ Kxa8 40. Bd4 Kb8 41. Bxg7 Kc7 42. Kg3 Kxc6 43. Kh4 Kb5
44. Kxh5 Kb4 45. Kg5 Kxb3 46. h4 Kc4 47. h5 Kd5 48. h6 Ke6 49. h7 Kf7 50.
h8=Q Ke6 51. b4 Kd5 52. b5 Kc5 53. Qb8 Kd5 54. b6 Kc6 55. b7 Kd7 56. Qc8+
Ke7 57. b8=Q Kf7 58. Qa7# { Black checkmated } 1-0

[Event "ICC tourney 2189 (3 2)"]
[Site "Internet Chess Club"]
[Date "2020.12.09"]
[Round "2"]
[White "sapolion"]
[Black "etxchess"]
[Result "1-0"]
[ICCResult "Black forfeits on time"]
[WhiteElo "1594"]
[BlackElo "1143"]
[Opening "Tennison (Lemberg, Zukertort) gambit"]
[ECO "B01"]
[NIC "VO.17"]
[Time "20:39:41"]
[PlyCount "63"]
[TimeControl "180+2"]


1. e4 d5 2. Nf3 dxe4 3. Ng5 Nf6 4. Nc3 Nc6 5. Bc4 e6 6. O-O h6 7. Ngxe4 Be7
8. Re1 Nxe4 9. Nxe4 Qd4 10. d3 e5 11. c3 Qd7 12. Qf3 O-O 13. Qg3 Qg4 14.
Qxg4 Bxg4 15. Re3 a6 16. Rg3 h5 17. h3 Bf5 18. Ng5 Bxg5 19. Rxg5 b5 20. Bd5
Bd7 21. Rxh5 Rae8 22. Rg5 e4 23. Bxe4 Ne5 24. Bf4 f6 25. Bd5+ Be6 26. Bxe6+
Rxe6 27. Rg3 Nxd3 28. Rxd3 Re4 29. Bg3 Rfe8 30. Rad1 Ra4 31. Rd8 Rxa2 32.
Rxe8+ { Black forfeits on time } 1-0

[Event "ICC tourney 2189 (3 2)"]
[Site "Internet Chess Club"]
[Date "2020.12.09"]
[Round "2"]
[White "Kevinturtle"]
[Black "Alec-hine"]
[Result "0-1"]
[ICCResult "White resigns"]
[WhiteElo "1403"]
[BlackElo "1600"]
[Opening "French: exchange variation"]
[ECO "C01"]
[NIC "FR.01"]
[Time "20:39:28"]
[PlyCount "86"]
[TimeControl "180+2"]


1. e4 e6 2. d4 d5 3. exd5 exd5 4. Nf3 Nf6 5. Bd3 c5 6. c3 c4 7. Bc2 Be7 8.
O-O O-O 9. Bf4 Nc6 10. Nbd2 Bg4 11. h3 Bh5 12. Qe2 Re8 13. Rae1 Bd6 14. Be5
Bxe5 15. dxe5 Nxe5 16. Qd1 Nxf3+ 17. Nxf3 Qd6 18. Re3 Rxe3 19. fxe3 Re8 20.
Qd4 Qe6 21. Re1 Bxf3 22. gxf3 Qxh3 23. Re2 Qxf3 24. Rf2 Qg3+ 25. Rg2 Qxe3+
26. Qxe3 Rxe3 27. Kf2 Re5 28. Rg3 g6 29. b3 Ne4+ 30. Bxe4 Rxe4 31. Re3 Rxe3
32. Kxe3 h5 33. Kf4 Kg7 34. bxc4 dxc4 35. Kg5 f5 36. a4 a5 37. Kf4 h4 38.
Kf3 g5 39. Kg2 g4 40. Kf2 f4 41. Kg2 h3+ 42. Kh2 Kf6 43. Kg1 g3 { White
resigns } 0-1

[Event "ICC tourney 2189 (3 2)"]
[Site "Internet Chess Club"]
[Date "2020.12.09"]
[Round "2"]
[White "AdityaBang"]
[Black "Green-Lantern"]
[Result "0-1"]
[ICCResult "White forfeits on time"]
[WhiteElo "1408"]
[BlackElo "1749"]
[Opening "Caro-Kann defense"]
[ECO "B10"]
[NIC "CK.01"]
[Time "20:39:41"]
[PlyCount "56"]
[TimeControl "180+2"]


1. e4 c6 2. Nf3 d5 3. e5 Bf5 4. d4 e6 5. Be2 h5 6. Nc3 Nd7 7. Bf4 a6 8. h3
Rc8 9. Nh2 c5 10. dxc5 Bxc5 11. g4 hxg4 12. Nxg4 Bxg4 13. Bxg4 g6 14. Rg1
Ne7 15. Qe2 Qb6 16. Rb1 Bb4 17. Qd1 d4 18. a3 Nd5 19. axb4 dxc3 20. b3 Nxf4
21. Qf3 Qxb4 22. Ra1 Nxe5 23. Qe3 Nxg4 24. hxg4 Nd5 25. Qe5 Rh7 26. Ra4 Qc5
27. Rc4 Qa3 28. Rxc8+ Ke7 { White forfeits on time } 0-1

[Event "ICC tourney 2189 (3 2)"]
[Site "Internet Chess Club"]
[Date "2020.12.09"]
[Round "2"]
[White "chesswarriors12"]
[Black "andrewj508"]
[Result "0-1"]
[ICCResult "White checkmated"]
[WhiteElo "1431"]
[BlackElo "1270"]
[Opening "Queen's bishop game"]
[ECO "D02"]
[NIC "QP.08"]
[Time "20:39:41"]
[PlyCount "66"]
[TimeControl "180+2"]


1. d4 d5 2. Nf3 Nf6 3. Bf4 Bf5 4. e3 e6 5. Bd3 Bxd3 6. Qxd3 Nbd7 7. Nbd2 c5
8. dxc5 Bxc5 9. O-O O-O 10. e4 dxe4 11. Nxe4 Nxe4 12. Qxe4 Qe7 13. Rad1 Nf6
14. Qe2 h6 15. Rd2 Rfd8 16. Rfd1 Nd5 17. Be3 Nxe3 18. fxe3 f5 19. Nd4 Qf7
20. Qc4 Bb6 21. Rd3 Rac8 22. Qb3 Re8 23. c3 Rcd8 24. Nb5 Rxd3 25. Rxd3 Qg6
26. Qd1 f4 27. Nd6 fxe3 28. Qe2 Rd8 29. Rd1 Qf6 30. Nc4 Qf2+ 31. Qxf2 exf2+
32. Kf1 Rxd1+ 33. Ke2 f1=Q# { White checkmated } 0-1

[Event "ICC tourney 2189 (3 2)"]
[Site "Internet Chess Club"]
[Date "2020.12.09"]
[Round "3"]
[White "chessfidebullet"]
[Black "sapolion"]
[Result "0-1"]
[ICCResult "White checkmated"]
[WhiteElo "1289"]
[BlackElo "1594"]
[Opening "KGA: Schallop defense"]
[ECO "C34"]
[NIC "KG.02"]
[Time "20:56:39"]
[PlyCount "38"]
[TimeControl "180+2"]


1. e4 e5 2. f4 exf4 3. Nf3 Nf6 4. Bc4 Nxe4 5. O-O d5 6. Bd3 Bc5+ 7. Kh1 O-O
8. Bxe4 dxe4 9. Ne1 Qg5 10. d4 Bd6 11. c4 Bg4 12. Qc2 Nc6 13. h3 Bf5 14.
Qd1 Nxd4 15. Qxd4 Rad8 16. Qg1 Qh4 17. Kh2 f3+ 18. Kh1 Bxh3 19. Bg5 Bxg2# {
White checkmated } 0-1

[Event "ICC tourney 2189 (3 2)"]
[Site "Internet Chess Club"]
[Date "2020.12.09"]
[Round "3"]
[White "EntropyDarkEn"]
[Black "chesswarriors12"]
[Result "0-1"]
[ICCResult "White checkmated"]
[WhiteElo "1264"]
[BlackElo "1431"]
[Opening "English opening"]
[ECO "A16"]
[NIC "EO.64"]
[Time "20:57:10"]
[PlyCount "130"]
[TimeControl "180+2"]


1. c4 Nf6 2. Nc3 c5 3. g4 Nxg4 4. e3 Nf6 5. d4 cxd4 6. exd4 e6 7. Bg2 Bb4
8. a3 Bxc3+ 9. bxc3 Nc6 10. d5 exd5 11. cxd5 Ne7 12. d6 Ng6 13. Qe2+ Kf8
14. a4 Qe8 15. Ba3 Qxe2+ 16. Nxe2 Rb8 17. O-O b6 18. Rfe1 Bb7 19. Bxb7 Rxb7
20. Nd4 Nf4 21. Kh1 Ne6 22. Nb5 a6 23. Nc7 g6 24. Nxa6 Kg7 25. Nc7 Nxc7 26.
dxc7 Rxc7 27. Rac1 Re8 28. c4 Rxe1+ 29. Rxe1 Rxc4 30. Bb2 Rc2 31. Bd4 Ra2
32. Bxb6 Rxa4 33. Re7 Nh5 34. Rxd7 Nf4 35. Rd1 Ne6 36. h3 Rh4 37. Kh2 h5
38. Kg3 Rb4 39. Be3 Rb3 40. Rd7 Ng5 41. Kg2 Ne6 42. Bd4+ Nxd4 43. Rxd4 Rb6
44. Rd7 Rf6 45. h4 Re6 46. Kg3 Ra6 47. f4 Ra3+ 48. Kf2 Rh3 49. Kg2 Rxh4 50.
Kg3 Rg4+ 51. Kf3 Kf6 52. Ra7 Rg1 53. Ra8 g5 54. fxg5+ Rxg5 55. Rh8 Kg6 56.
Rg8+ Kf6 57. Rxg5 Kxg5 58. Kg3 f5 59. Kg2 f4 60. Kg1 Kg4 61. Kg2 h4 62. Kg1
Kg3 63. Kh1 f3 64. Kg1 f2+ 65. Kh1 f1=Q# { White checkmated } 0-1

[Event "ICC tourney 2189 (3 2)"]
[Site "Internet Chess Club"]
[Date "2020.12.09"]
[Round "3"]
[White "Alec-hine"]
[Black "hggonzalezzss"]
[Result "1-0"]
[ICCResult "Black checkmated"]
[WhiteElo "1600"]
[BlackElo "1767"]
[Opening "QGD Slav: exchange variation"]
[ECO "D13"]
[NIC "SL.02"]
[Time "20:56:35"]
[PlyCount "155"]
[TimeControl "180+2"]


1. d4 d5 2. c4 c6 3. cxd5 cxd5 4. Nf3 Nf6 5. Nc3 e6 6. Bf4 Bd6 7. Bxd6 Qxd6
8. e3 O-O 9. Bd3 a6 10. O-O b5 11. Rc1 Bb7 12. Nd2 Rd8 13. Nb3 Nfd7 14. Qe2
Nc6 15. h3 Qb4 16. Qc2 Na5 17. Nxa5 Qxa5 18. Bxh7+ Kh8 19. Bd3 b4 20. Na4
Rac8 21. Nc5 Nxc5 22. dxc5 Rc6 23. Qe2 g6 24. b3 Rdc8 25. Qb2+ Kg8 26. Qf6
R8c7 27. h4 Qxa2 28. h5 gxh5 29. Qh6 Qb2 30. Bh7+ Kh8 31. Bg6+ Kg8 32. Bxh5
Qg7 33. Qf4 e5 34. Qh2 Rxc5 35. Rxc5 Rxc5 36. Qh4 Rc8 37. Bf3 Re8 38. Rd1
e4 39. Bg4 f6 40. g3 Kf7 41. Bh5+ Ke7 42. Bxe8 Kxe8 43. Qf4 Qe7 44. Kg2 Qe5
45. Qh6 Qf5 46. Qh8+ Ke7 47. Qg7+ Kd6 48. Qf8+ Kc7 49. Rc1+ Bc6 50. Qe7+
Kb6 51. Qc5+ Kb7 52. Qxc6+ Kb8 53. Qc7+ Ka8 54. Qc8+ Qxc8 55. Rxc8+ Kb7 56.
Rf8 f5 57. Rxf5 Kc6 58. Rf6+ Kc5 59. Rxa6 d4 60. exd4+ Kxd4 61. g4 Kc3 62.
g5 Kxb3 63. g6 Kc2 64. g7 b3 65. Rb6 b2 66. Rxb2+ Kxb2 67. g8=Q Kc3 68. Qd5
Kc2 69. Qxe4+ Kc3 70. f4 Kb3 71. f5 Kc3 72. f6 Kb3 73. f7 Kc3 74. f8=Q Kb2
75. Qff5 Kc1 76. Qff3 Kd2 77. Qee2+ Kc1 78. Qff1# { Black checkmated } 1-0

[Event "ICC tourney 2189 (3 2)"]
[Site "Internet Chess Club"]
[Date "2020.12.09"]
[Round "3"]
[White "Green-Lantern"]
[Black "ChalsparoV"]
[Result "1-0"]
[ICCResult "Black checkmated"]
[WhiteElo "1749"]
[BlackElo "1569"]
[Opening "Caro-Kann: advance variation"]
[ECO "B12"]
[NIC "CK.02"]
[Time "20:56:38"]
[PlyCount "73"]
[TimeControl "180+2"]


1. e4 c6 2. d4 d5 3. e5 c5 4. c3 Nc6 5. Nf3 Bg4 6. Bb5 e6 7. Nbd2 Qb6 8. a4
a6 9. Bxc6+ bxc6 10. h3 Bh5 11. a5 Qb5 12. dxc5 Bxc5 13. Qa4 Ne7 14. Qxb5
cxb5 15. Nb3 Ba7 16. Nfd4 Bg6 17. Bg5 h6 18. Bxe7 Kxe7 19. Nc6+ Kd7 20.
Nxa7 Rxa7 21. Nc5+ Kc6 22. b4 f6 23. f4 fxe5 24. fxe5 Rf8 25. Rf1 Rxf1+ 26.
Kxf1 Rf7+ 27. Ke2 Rf5 28. Nxa6 Rxe5+ 29. Kd2 Rg5 30. g4 h5 31. Nc5 hxg4 32.
a6 gxh3 33. a7 Rg2+ 34. Ke3 Kd6 35. a8=Q Ke5 36. Qb8+ Kf5 37. Qf4# { Black
checkmated } 1-0

[Event "ICC tourney 2189 (3 2)"]
[Site "Internet Chess Club"]
[Date "2020.12.09"]
[Round "3"]
[White "PotatoCaboose"]
[Black "Kevinturtle"]
[Result "0-1"]
[ICCResult "White checkmated"]
[WhiteElo "1050"]
[BlackElo "1403"]
[Opening "Sicilian: dragon variation"]
[ECO "B70"]
[NIC "SI.15"]
[Time "20:57:07"]
[PlyCount "162"]
[TimeControl "180+2"]


1. e4 c5 2. Nf3 d6 3. d4 cxd4 4. Nxd4 Nf6 5. Nc3 g6 6. Bg5 Bg7 7. Bb5+ Bd7
8. Bxd7+ Nbxd7 9. O-O O-O 10. Qd3 Ne5 11. Qg3 Rc8 12. f4 Nc4 13. b3 Nb6 14.
Bxf6 Bxf6 15. Nde2 Qc7 16. Nd5 Nxd5 17. Rac1 Nb6 18. e5 dxe5 19. fxe5 Qxe5
20. Qxe5 Bxe5 21. c4 Nd7 22. Rcd1 Rfd8 23. Rd3 Nc5 24. Rdf3 Bf6 25. Ng3 Rd3
26. Rxd3 Nxd3 27. Rd1 Ne5 28. Rd5 Rc7 29. Rd8+ Kg7 30. Ra8 a6 31. Rd8 Rd7
32. Rb8 Nc6 33. Rc8 Rd1+ 34. Kf2 Rd2+ 35. Kf3 Rxa2 36. Rc7 Ne5+ 37. Kf4 b6
38. Rb7 Rf2+ 39. Ke3 Ng4+ 40. Ke4 Rb2 41. Rxb6 Nf2+ 42. Kf3 Nd3 43. Rxa6
Rxb3 44. Ke2 Rc3 45. Ne4 Rb3 46. c5 Ne5 47. c6 Rb2+ 48. Ke3 Ng4+ 49. Kf4
Ne5 50. c7 Rc2 51. Nxf6 exf6 52. Ra7 g5+ 53. Kf5 Nd7 54. c8=Q Rxc8 55. Rxd7
Rc2 56. Rd6 Rxg2 57. Rxf6 Rf2+ 58. Kxg5 Rxf6 59. h4 Rg6+ 60. Kh5 Rh6+ 61.
Kg5 f6+ 62. Kg4 Kg6 63. Kg3 f5 64. Kh3 Rh5 65. Kg3 h6 66. Kh3 f4 67. Kg4
Rf5 68. h5+ Kf6 69. Kf3 Kg5 70. Ke4 Ra5 71. Kf3 Kxh5 72. Kxf4 Ra4+ 73. Kg3
Kg5 74. Kf3 h5 75. Kg3 h4+ 76. Kh3 Ra3+ 77. Kh2 Kg4 78. Kg2 h3+ 79. Kh2
Ra2+ 80. Kg1 Kg3 81. Kh1 Ra1# { White checkmated } 0-1

[Event "ICC tourney 2189 (3 2)"]
[Site "Internet Chess Club"]
[Date "2020.12.09"]
[Round "3"]
[White "andrewj508"]
[Black "AdityaBang"]
[Result "1-0"]
[ICCResult "Black checkmated"]
[WhiteElo "1270"]
[BlackElo "1408"]
[Opening "Queen's Pawn"]
[ECO "A41"]
[NIC "QO.17"]
[Time "20:56:34"]
[PlyCount "153"]
[TimeControl "180+2"]


1. d4 d6 2. Nf3 Nf6 3. Bf4 g6 4. e3 Bg7 5. c3 O-O 6. Nbd2 Nc6 7. Bc4 Nd7 8.
Bg3 e5 9. O-O Nb6 10. Bb3 a5 11. a3 a4 12. Ba2 Be6 13. Bc4 Nxc4 14. Nxc4
Bxc4 15. Re1 e4 16. Nd2 Bd3 17. c4 Na5 18. Rc1 Re8 19. c5 d5 20. f3 Nc4 21.
fxe4 Nxd2 22. Qxd2 dxe4 23. c6 b6 24. Qf2 Re6 25. Qf4 Rc8 26. Bh4 Bf6 27.
Bg3 Bg5 28. Qf2 Rf6 29. Qd2 Qxd4 30. Rcd1 Rf1+ 31. Rxf1 Bxe3+ 32. Bf2 Bxf2+
33. Qxf2 e3 34. Qf4 Qxf4 35. Rxf4 e2 36. Re1 Rd8 37. Kf2 Bb5 38. Rb4 Rd5
39. Rf4 Kg7 40. Rb4 Rf5+ 41. Ke3 Rf1 42. Rxe2 Bxe2 43. Kxe2 Rc1 44. Rxa4
Rxc6 45. Kd3 Rd6+ 46. Ke2 Rc6 47. Rb4 Rc2+ 48. Kf3 h5 49. h3 Kf6 50. b3
Rc3+ 51. Kf2 Ke5 52. Kg1 c5 53. Rxb6 Ke4 54. a4 Kf4 55. Rf6+ Ke3 56. Rf3+
Kd4 57. Rxc3 Kxc3 58. a5 Kxb3 59. a6 c4 60. a7 c3 61. a8=Q c2 62. Qb7+ Kc3
63. Qc6+ Kd2 64. Qd5+ Kc3 65. Qc5+ Kd2 66. Qd4+ Ke1 67. Qe3+ Kd1 68. Qd3+
Kc1 69. Kf2 Kb2 70. Qd4+ Kb1 71. Qb4+ Ka1 72. Qa3+ Kb1 73. Qb3+ Kc1 74. Ke2
f5 75. Kd3 Kd1 76. Qxc2+ Ke1 77. Qe2# { Black checkmated } 1-0

[Event "ICC tourney 2189 (3 2)"]
[Site "Internet Chess Club"]
[Date "2020.12.09"]
[Round "4"]
[White "Green-Lantern"]
[Black "andrewj508"]
[Result "1-0"]
[ICCResult "Black checkmated"]
[WhiteElo "1749"]
[BlackElo "1270"]
[Opening "Vienna game"]
[ECO "C25"]
[NIC "VG.04"]
[Time "21:11:41"]
[PlyCount "39"]
[TimeControl "180+2"]


1. e4 e5 2. Nc3 Bc5 3. Bc4 Nc6 4. Qg4 Qf6 5. Nd5 Qxf2+ 6. Kd1 d6 7. Qxg7
Be6 8. Nxc7+ Kd7 9. Nxe6 Na5 10. Nxc5+ dxc5 11. Bb5+ Nc6 12. Bxc6+ bxc6 13.
Nf3 Ne7 14. Qf6 Qxg2 15. Rg1 Qh3 16. Nxe5+ Ke8 17. Qxh8+ Ng8 18. Qxg8+ Ke7
19. Qxf7+ Kd6 20. Nc4# { Black checkmated } 1-0

[Event "ICC tourney 2189 (3 2)"]
[Site "Internet Chess Club"]
[Date "2020.12.09"]
[Round "4"]
[White "PotatoCaboose"]
[Black "chessfidebullet"]
[Result "1-0"]
[ICCResult "Black checkmated"]
[WhiteElo "1050"]
[BlackElo "1289"]
[Opening "Philidor's defense"]
[ECO "C41"]
[NIC "KP.10"]
[Time "21:12:12"]
[PlyCount "43"]
[TimeControl "180+2"]


1. e4 e5 2. Nf3 d6 3. Bc4 Bg4 4. h3 Bh5 5. Nc3 Nd7 6. d3 c6 7. Bg5 Ngf6 8.
g4 Bg6 9. h4 h6 10. Bxf6 Nxf6 11. h5 Bh7 12. Rg1 Qd7 13. Qd2 Nxg4 14. O-O-O
Be7 15. Rg3 Nh2 16. Nxh2 Bg5 17. Rxg5 hxg5 18. Qxg5 O-O 19. Rg1 g6 20. hxg6
Bxg6 21. Qxg6+ Kh8 22. Qg7# { Black checkmated } 1-0

[Event "ICC tourney 2189 (3 2)"]
[Site "Internet Chess Club"]
[Date "2020.12.09"]
[Round "4"]
[White "AdityaBang"]
[Black "Kevinturtle"]
[Result "1-0"]
[ICCResult "Black resigns"]
[WhiteElo "1408"]
[BlackElo "1403"]
[Opening "Sicilian defense"]
[ECO "B20"]
[NIC "SI.48"]
[Time "21:12:04"]
[PlyCount "41"]
[TimeControl "180+2"]


1. e4 c5 2. d3 d6 3. Nf3 Nf6 4. Nc3 Nc6 5. Be3 g6 6. Qd2 Ng4 7. Bf4 Bg7 8.
h3 Nge5 9. Nxe5 Nxe5 10. Bh6 O-O 11. Bxg7 Kxg7 12. h4 h5 13. Be2 Be6 14. f3
Rc8 15. g4 hxg4 16. fxg4 c4 17. d4 Nxg4 18. Bxg4 Bxg4 19. h5 gxh5 20. Qg5+
Kh7 21. Qxg4 { Black resigns } 1-0

[Event "ICC tourney 2189 (3 2)"]
[Site "Internet Chess Club"]
[Date "2020.12.09"]
[Round "4"]
[White "oksana213"]
[Black "EntropyDarkEn"]
[Result "0-1"]
[ICCResult "White forfeits on time"]
[WhiteElo "949"]
[BlackElo "1264"]
[Opening "Sicilian: Pelikan (Lasker/Sveshnikov) variation"]
[ECO "B33"]
[NIC "SI.35"]
[Time "21:11:55"]
[PlyCount "64"]
[TimeControl "180+2"]


1. e4 c5 2. Nf3 Nc6 3. d4 cxd4 4. Nxd4 Nf6 5. Nc3 e5 6. Nb3 Bb4 7. Bg5
Bxc3+ 8. bxc3 h6 9. Bh4 g5 10. Bg3 Nxe4 11. Qd5 Nxg3 12. hxg3 d6 13. Bc4
Be6 14. Qe4 d5 15. Bxd5 Qxd5 16. Qxd5 Bxd5 17. O-O-O Bxg2 18. Rh2 Bf3 19.
Rd6 Ke7 20. Rdxh6 Rxh6 21. Rxh6 Rd8 22. Nc5 Rd1+ 23. Kb2 b6 24. Nd3 Rh1 25.
Rxh1 Bxh1 26. Kb3 e4 27. Ne1 Ne5 28. Kb4 Ng4 29. Kb5 Nxf2 30. Ka6 Nd1 31.
c4 Nc3 32. a3 Ne2 { White forfeits on time } 0-1

[Event "ICC tourney 2189 (3 2)"]
[Site "Internet Chess Club"]
[Date "2020.12.09"]
[Round "4"]
[White "ChalsparoV"]
[Black "Alec-hine"]
[Result "1-0"]
[ICCResult "Black resigns"]
[WhiteElo "1569"]
[BlackElo "1600"]
[Opening "King's Indian: East Indian defense"]
[ECO "A48"]
[NIC "QP.06"]
[Time "21:11:39"]
[PlyCount "105"]
[TimeControl "180+2"]


1. d4 Nf6 2. Nf3 g6 3. Nc3 d5 4. h4 Bg7 5. Bf4 a6 6. e3 c5 7. dxc5 Qa5 8.
Qd4 Nc6 9. Qd2 Qxc5 10. a3 Bf5 11. Bd3 Ne4 12. Bxe4 dxe4 13. Nd4 Nxd4 14.
exd4 Qxd4 15. Qxd4 Bxd4 16. Nd5 Rc8 17. c3 Bg7 18. Nc7+ Kf8 19. Nd5 e6 20.
Bd6+ Ke8 21. Ne3 h5 22. Rd1 Bf8 23. Be5 Rg8 24. Ke2 Be7 25. f3 exf3+ 26.
Kxf3 f6 27. Bd4 Kf7 28. Nxf5 gxf5 29. Rhe1 Rg4 30. Bf2 Rd8 31. Rxd8 Bxd8
32. Rd1 Ke8 33. Rd6 Ke7 34. Bc5 b6 35. Rxb6+ Kf7 36. Rb7+ Kg6 37. Bf2 e5
38. g3 e4+ 39. Kg2 f4 40. Rd7 fxg3 41. Bd4 Ba5 42. Rd6 Bc7 43. Rxf6+ Kh7
44. Rf7+ Kg6 45. Rxc7 Rxh4 46. Kxg3 Rg4+ 47. Kh3 Kf5 48. Rf7+ Kg6 49. Rf6+
Kh7 50. Rf5 Kg6 51. Re5 Rf4 52. Re6+ Kg5 53. Be3 { Black resigns } 1-0